 Dungeon Crawl Stone Soup version 0.31.0-11-ge490571c62 (webtiles) character file.

Game seed: 5510854069378793045

707 qw the Shooter (level 7, -3/35 HPs)
             Began as a Spriggan Hunter on Feb 4, 2024.
             Slain by a river rat (7 damage)
             ... summoned by Eustachio
             ... on level 4 of the Dungeon.
             The game lasted 00:00:17 (2507 turns).

qw the Shooter (Spriggan Hunter)                    Turns: 2507, Time: 00:00:17

Health: -3/35      AC:  6    Str:  7    XL:     7   Next: 40%
Magic:  8/8        EV: 22    Int: 10    God:
Gold:   118        SH:  0    Dex: 21    Spells: 6/6 levels left

rFire   . . .        a - +0 shortbow
rCold   . . .        (shield currently unavailable)
rNeg    . . .        c - +0 robe
rPois   .            (helmet restricted)
rElec   .            (no cloak)
rCorr   .            (gloves unavailable)
SInv    +            (boots unavailable)
Will    +....        (no amulet)
Stlth   ++           g - +4 ring of protection
HPRegen 0.25/turn    (no ring)
MPRegen 0.11/turn

%: no passive effects
@: very quick
A: very small, no large weapons, unfitting armour, see invisible, speed 3
a: no special abilities


You were on level 4 of the Dungeon.
You visited 1 branch of the dungeon, and saw 4 of its levels.

You collected 118 gold pieces.


Innate Abilities, Weirdness & Mutations

You are very small and have problems with some larger weapons.
You are too small for most types of armour.
You have supernaturally acute eyesight. (SInv)
You cover ground extremely quickly. (Speed+++)


   Skills:
 - Level 2.2 Fighting
 + Level 7.4 Ranged Weapons
 - Level 7.0 Dodging
 - Level 1.5 Stealth


You had 6 spell levels left.
You didn't know any spells.
Your spell library was empty.

Inventory:

Hand Weapons
 a - a +0 shortbow (weapon)
Armour
 c - a +0 robe (worn)
Jewellery
 b - a ring of protection from fire
 d - a ring of ice
 g - a +4 ring of protection (left hand)
 h - a +6 ring of intelligence
Potions
 e - a potion of attraction {unknown}
 f - a potion of heal wounds {unknown}

Dungeon Overview and Level Annotations

Branches:
Dungeon (4/15)
 Temple: D:4-7

Altars:
Gozag
Trog

Annotations:
D:4 Eustachio


Message History

The quokka attacks as it pursues you! The quokka barely misses you.
Enter note:
Enter note:
Enter note:
Enter note:
Enter note:
Enter note:
Enter note:
2501 ||| RETREEEEATING.
The bat hits you but does no damage.
There is a large open door here.
You shoot an arrow. The arrow hits the ufetubus!
You kill the ufetubus!
The ufetubus disappears in a puff of smoke!
The bat barely misses you. The bat completely misses you.
Enter note:
Enter note:
Enter note:
Enter note:
Enter note:
Enter note:
Enter note:
2503 ||| RETREEEEATING.
The quokka attacks as it pursues you! The quokka barely misses you.
There is a large open door here.
You shoot an arrow. The arrow misses the quokka.
The arrow closely misses the river rat.
The arrow closely misses the bat.
The quokka bites you but does no damage.
Eustachio gestures wildly while chanting.
Eustachio blinks!
The bat closely misses you.
You shoot an arrow. The arrow barely misses the bat.
The bat hits you but does no damage. The quokka closely misses you.
You shoot an arrow. The arrow closely misses the river rat.
The quokka bites you but does no damage.
The river rat closely misses you. The quokka completely misses you.
You shoot an arrow. The arrow closely misses the river rat.
The shadow imp disappears in a puff of smoke!
The bat completely misses you. The quokka barely misses you.
The river rat bites you!
You die...

.. #..#.........# . #
...#............#.. .. #
.......................####
#.......................
#..#....................
.... ##..r................
.... #.5ยค..b............#
... .####rr........(......
.# ....#@................
......>...#.............
.......)..'.........##+#
..........#......... #
..........##....)... #
..........##..##........
........................
#..........##)............
#..........+.......)......


You could see a river rat (summoned), a white imp (summoned), a quokka
(summoned), a bat (summoned) and a rat (summoned).

Vanquished Creatures
  Grinder (D:4)
  A black bear (D:4)
  A phantom (D:4)
  A scorpion (D:4)
  A bombardier beetle (D:4)
  2 jellies (D:4)
  An iguana (D:4)
  An orc wizard (D:3)
  5 adders
  3 dart slugs
  A ribbon worm (D:3)
  6 orcs
  6 bats
  4 endoplasms
  4 giant cockroaches
  12 hobgoblins
  6 jackals (D:3)
  2 quokkas
  9 ball pythons
  5 frilled lizards
  6 goblins
  16 kobolds
  4 rats
98 creatures vanquished.

Notes
Turn   | Place    | Note
-------+----------+-------------------------------------------
     0 | D:1      | qw the Spriggan Hunter began the quest for the Orb.
     0 | D:1      | Reached XP level 1. HP: 10/10 MP: 2/2
     0 | D:1      | 0 ||| qw: Version: 0.3-a-160-g6735b56
     0 | D:1      | 0 ||| qw: Game counter: 5180
     0 | D:1      | 0 ||| qw: Melee chars always use a shield: true
     0 | D:1      | 0 ||| qw: God list: Okawaru
     0 | D:1      | 0 ||| qw: Allow faded altars: false
     0 | D:1      | 0 ||| qw: Do Orc after clearing Dungeon:15 true
     0 | D:1      | 0 ||| qw: Do second Lair branch before Depths: true
     0 | D:1      | 0 ||| qw: Lair rune preference: random
     0 | D:1      | 0 ||| qw: Goals: Normal
     0 | D:1      | 0 ||| PLANNING D:1-11
    31 | D:1      | Reached skill level 3 in Dodging
   118 | D:1      | Reached XP level 2. HP: 14/14 MP: 3/3
   389 | D:1      | 389 ||| READING scroll labelled QUFEJECW DOYT.
   390 | D:1      | 390 ||| READING scroll labelled UDIURO GITU.
   395 | D:1      | 395 ||| DROPPING scroll of butterflies.
   491 | D:2      | Reached XP level 3. HP: 18/18 MP: 4/4
  1073 | D:2      | 1073 ||| UPGRADING to +4 ring of protection.
  1074 | D:2      | 1074 ||| READING scroll labelled VEWAMI PIHEDAI.
  1075 | D:2      | 1075 ||| READING scroll labelled NODIAFIDIG.
  1076 | D:2      | 1076 ||| READING scroll labelled DOZEAG VOOTUY.
  1356 | D:3      | Reached XP level 4. HP: 22/22 MP: 5/5
  1494 | D:3      | Found an opulent altar of Gozag.
  1724 | D:3      | Reached XP level 5. HP: 21/26 MP: 6/6
  1726 | D:3      | 1726 ||| FLEEEEING.
  1728 | D:3      | 1728 ||| FLEEEEING.
  1729 | D:3      | 1729 ||| FLEEEEING.
  1730 | D:3      | 1730 ||| FLEEEEING.
  1731 | D:3      | 1731 ||| FLEEEEING.
  1732 | D:3      | 1732 ||| FLEEEEING.
  1733 | D:3      | 1733 ||| FLEEEEING.
  1734 | D:3      | 1734 ||| FLEEEEING.
  1735 | D:3      | 1735 ||| FLEEEEING.
  1736 | D:3      | 1736 ||| FLEEEEING.
  2069 | D:4      | Noticed a black bear
  2076 | D:4      | 2076 ||| RETREEEEATING.
  2077 | D:4      | 2077 ||| RETREEEEATING.
  2078 | D:4      | 2078 ||| RETREEEEATING.
  2079 | D:4      | 2079 ||| RETREEEEATING.
  2080 | D:4      | 2080 ||| RETREEEEATING.
  2081 | D:4      | 2081 ||| RETREEEEATING.
  2082 | D:4      | Killed a black bear
  2083 | D:4      | Reached skill level 6 in Ranged Weapons
  2083 | D:4      | Reached XP level 6. HP: 27/30 MP: 7/7
  2124 | D:4      | Found a bloodstained altar of Trog.
  2152 | D:4      | Noticed Grinder
  2171 | D:4      | 2171 ||| FLEEEEING.
  2173 | D:4      | 2173 ||| FLEEEEING.
  2174 | D:4      | 2174 ||| FLEEEEING.
  2176 | D:4      | 2176 ||| FLEEEEING.
  2177 | D:4      | 2177 ||| FLEEEEING.
  2179 | D:4      | 2179 ||| FLEEEEING.
  2180 | D:4      | 2180 ||| FLEEEEING.
  2182 | D:4      | 2182 ||| FLEEEEING.
  2183 | D:4      | 2183 ||| FLEEEEING.
  2184 | D:4      | 2184 ||| FLEEEEING.
  2188 | D:4      | 2188 ||| FLEEEEING.
  2189 | D:4      | 2189 ||| FLEEEEING.
  2191 | D:4      | Killed Grinder
  2242 | D:4      | 2242 ||| FLEEEEING.
  2243 | D:4      | 2243 ||| FLEEEEING.
  2304 | D:4      | Reached XP level 7. HP: 35/35 MP: 8/8
  2468 | D:4      | Noticed Eustachio
  2492 | D:4      | 2492 ||| RETREEEEATING.
  2492 | D:4      | HP: 8/35 [quokka (3)]
  2493 | D:4      | 2493 ||| RETREEEEATING.
  2494 | D:4      | 2494 ||| RETREEEEATING.
  2495 | D:4      | 2495 ||| RETREEEEATING.
  2496 | D:4      | 2496 ||| RETREEEEATING.
  2498 | D:4      | 2498 ||| RETREEEEATING.
  2499 | D:4      | HP: 7/35 [white imp[Eustachio] (2)]
  2499 | D:4      | HP: 2/35 [white imp[Eustachio] (5)]
  2500 | D:4      | 2500 ||| RETREEEEATING.
  2501 | D:4      | 2501 ||| RETREEEEATING.
  2503 | D:4      | 2503 ||| RETREEEEATING.
  2507 | D:4      | Slain by a river rat

Levels and vault maps discovered:
D:1:      roderic_crop_circles_arrival_small, layout_rooms
D:2:      layout_basic, hex_tiny
D:3:      layout_basic, mainiacjoe_overflow_alcove_4
D:4:      layout_basic, trog_hazing_becter, gammafunk_ghost_grave,
          kennysheep_generic_room_2, uniq_grinder, uniq_eustachio

Skill      XL: |  1  2  3  4  5  6  7 |
---------------+----------------------+-----
Dodging        | 3 4 5 7 |  7.0
Ranged Weapons | 5 6 7 |  7.4
Fighting       | 2 |  2.2
Stealth        | |  1.5

Action                     |  1- 3 |  4- 6 |  7- 9 || total
---------------------------+-------+-------+-------++-------
   Fire: Shortbow          |   125 |   138 |    69 ||   332
    Use: Scroll            |     5 |       |       ||     5
 Armour: Robe              |    10 |    13 |    30 ||    53
  Dodge: Dodged            |    37 |    33 |   107 ||   177

Table legend:
 A = Non-vault XP
 B = Vault XP
 C = Vault XP percentage of total XP
 D = Non-vault monster count
 E = Vault monster count
 F = Vault count percentage of total count
                 A         B        C        D         E       F
            +---------+---------+-------+---------+---------+-------
      Total |     730 |     281 |  27.8 |      90 |       8 |   8.2
            +---------+---------+-------+---------+---------+-------
        D:1 |      25 |       0 |   0.0 |      16 |       0 |   0.0
        D:2 |      55 |       0 |   0.0 |      22 |       0 |   0.0
        D:3 |     121 |       0 |   0.0 |      32 |       0 |   0.0
        D:4 |     529 |     281 |  34.7 |      20 |       8 |  28.6
            +---------+---------+-------+---------+---------+-------
